 Dungeon Crawl Stone Soup version 0.31-a0-426-g3a05650e59 (webtiles) character file.

Game seed: 17270830193874112246

3460 drugrobin the Cleaver (level 9, -2/68 HPs)
             Began as a Demigod Delver on July 30, 2023.
             Slain by a centaur warrior (5 damage)
             ... on level 9 of the Dungeon on July 31, 2023.
             The game lasted 00:20:12 (8778 turns).

drugrobin the Cleaver (Demigod Delver)              Turns: 8778, Time: 00:20:12

Health: -2/68      AC: 10    Str: 27    XL:     9   Next: 49%
Magic:  11/11      EV: 12    Int: 21    God:
Gold:   438        SH:  0    Dex: 19    Spells: 1/8 levels left

rFire   + . .        a - +7 trident of Judgement {flame, rPois rF+ Dex-2}
rCold   . . .        e - orb {guile}
rNeg    . . .        V - +0 acid dragon scales
rPois   +            K - +0 helmet
rElec   +            u - +0 cloak
rCorr   +            D - +1 pair of gloves
SInv    .            (no boots)
Will    .....        (no amulet)
Stlth   +++          R - +6 ring of intelligence
HPRegen 0.31/turn    C - ring of Jaju {rElec Str+2 Int+3 Dex+6}
MPRegen 0.12/turn

%: no passive effects
@: no status effects
A: high MP 1, forlorn, divine attributes
a: no special abilities


You were on level 9 of the Dungeon.
You visited 1 branch of the dungeon, and saw 9 of its levels.

You collected 659 gold pieces.
You spent 221 gold pieces at shops.

Inventory:

Hand Weapons
 a - the +7 trident of Judgement (weapon) {flame, rPois rF+ Dex-2}
   (You bought it in a shop on level 6 of the Dungeon)

   Dex:       It affects your dexterity (-2).
   rF:        It protects you from fire.
   rPois:     It protects you from poison.
 b - a +1 sling
 c - a +0 shortbow
 d - a +0 hand axe
 x - a +1 heavy spear
 z - a +2 dagger of speed
 O - a +3 shortbow
Missiles
 s - 17 poisoned darts
 t - 11 boomerangs (quivered)
 v - 7 javelins
Armour
 e - an orb of guile (worn)
 u - a +0 cloak (worn)
 D - a +1 pair of gloves (worn)
 K - a +0 helmet (worn)
 T - a +3 ring mail of positive energy
 V - +0 acid dragon scales (worn)
Magical Staves
 Q - a staff of death
Jewellery
 l - a ring of positive energy
 o - an amulet of reflection
 C - the ring of Jaju (right hand) {rElec Str+2 Int+3 Dex+6}
   (You found it on level 4 of the Dungeon)

   [ring of dexterity]

   Str:       It affects your strength (+2).
   Int:       It affects your intelligence (+3).
   Dex:       It affects your dexterity (+6).
   rElec:     It insulates you from electricity.
 F - a ring of fire
 I - a ring of protection from cold
 R - a +6 ring of intelligence (left hand)
 X - a ring of magical power
Wands
 g - a wand of digging (3)
 J - a wand of flame (19)
 U - a wand of polymorph (10)
 W - a wand of charming (11)
 Y - a wand of iceblast (7)
Scrolls
 h - 5 scrolls of enchant weapon
 k - 2 scrolls of teleportation {unknown}
 m - 5 scrolls of identify {unknown}
 w - a scroll of acquirement {unknown}
 y - 5 scrolls of vulnerability {unknown}
 A - 2 scrolls of amnesia {unknown}
 B - 3 scrolls of enchant armour {unknown}
 E - 2 scrolls of noise {unknown}
 G - 3 scrolls of fear
 H - a scroll of fog
 L - 2 scrolls of poison {unknown}
 N - 4 scrolls of revelation
Potions
 f - 4 potions of haste
 i - a potion of might {unknown}
 j - a potion of invisibility {unknown}
 n - a potion of enlightenment {unknown}
 p - 3 potions of heal wounds {unknown}
 q - 3 potions of lignification {unknown}
 r - 2 potions of curing {unknown}
 M - a potion of ambrosia {unknown}
 S - a potion of resistance {unknown}


   Skills:
 - Level 2.6 Fighting
 + Level 12.7 Axes
 - Level 1.7 Dodging
 - Level 4.5 Stealth
 + Level 1.3 Evocations


You had one spell level left.
You knew the following spells:

 Your Spells              Type           Power      Damage    Failure   Level
a - Wereblood             Tmut           0%         N/A       32%         2
b - Ensorcelled Hibernat  Hex/Ice        0%         N/A       32%         2
c - Teleport Other        Tloc           0%         N/A       54%         3

Your spell library contained the following spells:

 Spells                   Type           Power      Damage    Failure   Level
 Apportation              Tloc           0%         N/A       22%         1
 Blink                    Tloc           0%         N/A       32%         2
 Lesser Beckoning         Tloc           0%         N/A       32%         2
 Sublimation of Blood     Necr           0%         N/A       32%         2
 Gell's Gravitas          Tloc           0%         N/A       54%         3
 Anguish                  Hex/Necr       0%         N/A       91%         4
 Summon Ice Beast         Ice/Summ       0%         N/A       91%         4
 Irradiate                Conj/Tmut      0%         3d11      99%         5
 Summon Mana Viper        Hex/Summ       0%         N/A       99%         5
 Monstrous Menagerie      Summ           0%         N/A       100%        7
 Summon Hydra             Summ           0%         N/A       100%        7
 Maxwell's Capacitive Co  Air            0%         ∞         100%        8


Dungeon Overview and Level Annotations

Branches:
Dungeon (9/15)             Temple (0/1) D:4
   Lair: D:8-11         Orc: D:9-12

Shops:
D:6 *


Innate Abilities, Weirdness & Mutations

You have an increased reservoir of magic. (+10% MP)
You shall have no god before yourself.
Your divine heritage dramatically boosts your attributes as you level up.


Message History

Aim: a centaur warrior (wandering, hasn't noticed you, chance to affect: 50%)
The centaur warrior shouts!
The centaur warrior looks slightly unstable.
The centaur warrior wields a +0 orcbow.
The centaur warrior shoots an arrow.
The arrow hits you!!
The centaur warrior shoots an arrow.
The arrow hits you!!
You start resting.
A centaur warrior is nearby!
Unknown command.
Unknown command.
Press: ? - help, v - describe, . - travel
Here: a centaur warrior, wielding a +0 orcbow The floor.
Unknown command.
The centaur warrior shoots an arrow.
The arrow closely misses you.
The centaur warrior shoots an arrow.
The arrow hits you!!
* * * LOW HITPOINT WARNING * * *
Unknown command.
Unknown command.
Unknown command.
Unknown command.
Unknown command.
Unknown command.
Unknown command.
Found 2 fizzy blue potions.
The centaur warrior unwields a +0 orcbow.
The centaur warrior hits you.
* * * LOW HITPOINT WARNING * * *
The centaur warrior completely misses you.
Unknown command.
Unknown command.
Throw: throwing net
Press: ? - help, Shift-Dir - straight line, f/p - centaur warrior
Aim: a centaur warrior (67% to hit)
You throw a throwing net.
The throwing net barely misses the centaur warrior.
The centaur warrior hits you!
* * * LOW HITPOINT WARNING * * *
The centaur warrior kicks you but does no damage.
The centaur warrior hits you.
You die...

### ##.#
#..## #..<#
#@..#
......c...#
....#(....#
.. #.......
..........
.....##......
..... .......
!..... .####.


You could see a centaur warrior.

Vanquished Creatures
  Erica (D:8)
  A steam dragon (D:8)
  An acid dragon (D:8)
  A water moccasin (D:6)
  An orc warrior (D:7)
  A black bear (D:7)
  4 centaurs
  An ogre (D:6)
  2 phantoms
  A kobold brigand (D:7)
  3 bullfrogs
  A gnoll sergeant (D:6)
  2 scorpions
  3 wights (D:7)
  5 killer bees
  3 howler monkeys (D:8)
  4 electric eels (D:9)
  2 jellies
  4 hounds
  An orc priest (D:7)
  A gnoll bouda (D:7)
  A sleepcap (D:4)
  7 iguanas
  2 orc wizards (D:7)
  8 gnolls
  8 adders
  A shadow imp (D:7)
  3 worms
  3 dart slugs
  6 orcs
  6 bats
  10 endoplasms
  2 giant cockroaches (D:2)
  3 goblins
  6 hobgoblins
  7 jackals
  7 kobolds
  3 quokkas
  7 ball pythons
  8 frilled lizards
  5 rats
146 creatures vanquished.

Notes
Turn   | Place    | Note
-------+----------+-------------------------------------------
     0 | D:5      | drugrobin the Demigod Delver began the quest for the Orb.
     0 | D:5      | Reached XP level 1. HP: 18/18 MP: 3/3
   135 | D:4      | Reached skill level 2 in Axes
   258 | D:1      | Reached XP level 2. HP: 13/25 MP: 4/4
   381 | D:1      | Reached skill level 3 in Axes
   511 | D:1      | Reached XP level 3. HP: 29/30 MP: 5/5
  2015 | D:3      | Reached skill level 4 in Axes
  2029 | D:3      | Reached XP level 4. HP: 32/37 MP: 6/6
  2710 | D:4      | Reached skill level 5 in Axes
  2710 | D:4      | Reached XP level 5. HP: 36/42 MP: 7/7
  2912 | D:4      | Found a staircase to the Ecumenical Temple.
  3101 | D:4      | Identified the ring of Jaju {rElec Str+2 Int+3 Dex+6}
  3685 | D:5      | Reached skill level 6 in Axes
  3689 | D:5      | Learned a level 2 spell: Wereblood
  3919 | D:5      | Reached XP level 6. HP: 49/50 MP: 5/8
  4368 | D:6      | Reached skill level 7 in Axes
  4639 | D:6      | Reached XP level 7. HP: 37/56 MP: 9/9
  4718 | D:6      | Learned a level 2 spell: Ensorcelled Hibernation
  5083 | D:6      | Reached skill level 8 in Axes
  5959 | D:6      | Found Sapiq's Assorted Antiques.
  5967 | D:6      | Bought a polished trident for 221 gold pieces
  5967 | D:6      | Identified the +7 trident of Judgement {flame, rPois rF+
                  | Dex-2} (You bought it in a shop on level 6 of the Dungeon)
  6039 | D:6      | Reached skill level 9 in Axes
  6167 | D:7      | Reached XP level 8. HP: 62/62 MP: 10/10
  6557 | D:7      | Reached skill level 10 in Axes
  7218 | D:7      | Reached skill level 11 in Axes
  7784 | D:7      | Learned a level 3 spell: Teleport Other
  7785 | D:8      | Noticed Erica
  7795 | D:8      | Killed Erica
  7796 | D:8      | Reached skill level 12 in Axes
  7796 | D:8      | Reached XP level 9. HP: 37/68 MP: 11/11
  8126 | D:8      | Got the Atlas of Hyperbolic Anemomancy
  8455 | D:9      | Reached skill level 1 in Evocations
  8751 | D:9      | Noticed a centaur warrior
  8778 | D:9      | HP: 3/68 [centaur warrior (9)]
  8778 | D:9      | Slain by a centaur warrior

Illustrated notes

Levels and vault maps discovered:
D:1:      psy_arrival_heroes, layout_basic, minmay_unequal
D:2:      layout_basic
D:3:      layout_rooms, chequers_ecumenical_altar_lobes
D:4:      layout_loops_cross, temple_green
D:5:      layout_layer_cave
D:6:      layout_rooms, serial_shops, nicolae_shop_waterfront,
          kennysheep_generic_room_16
D:7:      minmay_razor_zed, layout_layer_cave
D:8:      layout_rooms, uniq_erica
D:9:      layout_cave_pools, chequers_big_river

Skill      XL: |  1  2  3  4  5  6  7  8  9 |
---------------+----------------------------+-----
Axes           | 2 3 4 5 6 7 9 12 | 12.7
Evocations     | 1 |  1.3
Fighting       | |  2.6
Dodging        | |  1.7
Stealth        | |  4.5

Action                     |  1- 3 |  4- 6 |  7- 9 || total
---------------------------+-------+-------+-------++-------
  Melee: Hand axe          |   125 |   194 |    43 ||   362
         Punch             |     2 |     2 |     1 ||     5
         Dagger            |       |     7 |    18 ||    25
         Trident           |       |       |   113 ||   113
   Fire: Sling             |    10 |     4 |     4 ||    18
         Shortbow          |       |     1 |       ||     1
  Throw: Boomerang         |     1 |    11 |    28 ||    40
         Javelin           |     1 |       |       ||     1
         Dart              |       |     9 |     4 ||    13
         Throwing net      |       |       |     1 ||     1
   Cast: Wereblood         |       |     2 |     1 ||     3
         Ensorcelled Hiber |       |       |    11 ||    11
         Teleport Other    |       |       |     1 ||     1
  Evoke: Wand              |       |     3 |     6 ||     9
    Use: Scroll            |       |       |     2 ||     2
   Stab: Sleeping          |     6 |     1 |     7 ||    14
         Distracted        |       |       |     1 ||     1
 Armour: Leather armour    |     6 |       |       ||     6
         Robe              |    47 |    51 |    25 ||   123
         Ring mail         |       |       |    15 ||    15
         Acid dragon scale |       |       |    14 ||    14
  Dodge: Dodged            |    87 |   136 |   108 ||   331

Table legend: (Time is in decaauts)
 A = Elapsed time spent in this place.
 B = Non-inter-level travel time spent in this place.
 C = Inter-level travel time spent in this place.
 D = Time resting spent in this place.
 E = Time spent auto-exploring this place.
 F = Levels seen in this place.
 G = Mean time per level.
                   A        B        C        D        E       F      G
               +--------+--------+--------+--------+--------+-----+--------+
         Total |   8802 |   8535 |    267 |   1323 |   5142 |   9 |  978.0 |
       Dungeon |   8802 |   8535 |    267 |   1323 |   5142 |   9 |  978.0 |
               +--------+--------+--------+--------+--------+-----+--------+

Top non-repeatable levels by time:
     D:7: 1777 daAuts
     D:5: 1705 daAuts
     D:6: 1115 daAuts
     D:4: 904 daAuts
     D:2: 900 daAuts
     D:1: 885 daAuts
     D:8: 669 daAuts
     D:3: 665 daAuts
     D:9: 179 daAuts
